 Dungeon Crawl Stone Soup version 0.29.1-1-gd02db6906a (webtiles) character file.

Game seed: 10415807489334082552

679 concernfroge the Fighter (level 7, -1/63 HPs)
             Began as a Mummy Monk on Sept 18, 2022.
             Was an Initiate of Gozag.
             Killed from afar by an orc wizard (4 damage)
             ... with a puff of flame
             ... on level 6 of the Dungeon.
             The game lasted 00:11:00 (5350 turns).

concernfroge the Fighter (Mummy Monk)               Turns: 5350, Time: 00:11:01

Health: -1/63      AC: 14    Str: 16    XL:     7   Next: 34%
Magic:  7/7        EV: 10    Int: 10    God:    Gozag
Gold:   428        SH:  0    Dex: 14    Spells: 6/6 levels left

rFire   x . .      SeeInvis .   a - +0 great mace
rCold   + . .      Faith    .   (shield currently unavailable)
rNeg    + + +      Spirit   .   e - +0 scale mail
rPois   ∞          Reflect  .   (no helmet)
rElec   .          Harm     .   (no cloak)
rCorr   +          Rampage  .   o - +0 pair of gloves
Will    .....                   m - +2 pair of boots of the Equator {Drain rPois rN++}
Stlth   ..........              (no amulet)
HPRegen 0.20/turn               i - ring of resist corrosion
MPRegen 0.10/turn               q - +4 ring of protection

@: no status effects
A: cold resistance 1, negative energy resistance 3, torment resistance 2, heat
vulnerability 1, in touch with death 1, no potions
a: Renounce Religion, Potion Petition, Call Merchant, Bribe Branch


You were on level 6 of the Dungeon.
You worshipped Gozag.
Gozag was aware of your devotion.
You visited 2 branches of the dungeon, and saw 7 of its levels.

You collected 428 gold pieces.

Inventory:

Hand Weapons
 a - a +0 great mace (weapon)
Armour
 e - a +0 scale mail (worn)
 m - the +2 pair of boots of the Equator (worn) {Drain rPois rN++}
   (You found it on level 3 of the Dungeon)

   rPois:     It protects you from poison.
   rN:        It greatly protects you from negative energy.
   Drain:     It drains your maximum health when unequipped.
 o - a +0 pair of gloves (worn)
Magical Staves
 b - a staff of air
Jewellery
 i - a ring of resist corrosion (left hand)
 k - a ring of protection from cold
 q - a +4 ring of protection (right hand)
 r - a +4 ring of evasion
 s - a +6 ring of dexterity
Wands
 g - a wand of quicksilver (6)
 n - a wand of flame (15)
Scrolls
 c - 2 scrolls of vulnerability {unknown}
 d - a scroll of torment {unknown}
 f - a scroll of enchant weapon {unknown}
 h - 2 scrolls of amnesia {unknown}
 j - 2 scrolls of poison {unknown}
 l - 2 scrolls of teleportation {unknown}
 p - a scroll of fear {unknown}
 t - 3 scrolls of immolation {unknown}


   Skills:
 + Level 8.7 Fighting
 - Level 2.4 Polearms
 - Level 2.4 Dodging
 - Level 1.5 Stealth


You had 6 spell levels left.
You didn't know any spells.
Your spell library contained the following spells:

 Spells                   Type           Power      Damage    Failure   Level
 Gell's Gravitas          Tloc           0%         N/A       99%         3
 Teleport Other           Tloc           0%         N/A       99%         3
 Dispersal                Tloc           0%         N/A       100%        6


Dungeon Overview and Level Annotations

Branches:
Dungeon (6/15)             Temple (1/1) D:5

Altars:
Ashenzari
Cheibriados
Dithmenos
Fedhas
Gozag
Hepliaklqana
Kikubaaqudgha
Makhleb
Nemelex Xobeh
Okawaru
Qazlal
Ru
Sif Muna
Trog
Uskayaw
Vehumet
Wu Jian
Xom
Yredelemnul


Innate Abilities, Weirdness & Mutations

You are immune to poison.
Your flesh is cold resistant. (rC+)
You are immune to negative energy. (rN+++)
You are immune to unholy pain and torment.
You are vulnerable to heat. (rF-)
You are in touch with the powers of death.
You do not drink.


Message History

The orc wizard is moderately wounded.
The orc wizard hits you but does no damage.
You thump the orc wizard!
The orc wizard is almost dead.
The orc wizard points at you and mumbles some strange words.
The puff of flame hits you but does no damage.
The orc wizard gestures wildly while chanting.
The orc wizard flickers and vanishes!
Deactivating autopickup; reactivate with Ctrl-A.
You closely miss something. Something hits you.
Something hits you but does no damage.
You closely miss something. Something hits you.
* * * LOW HITPOINT WARNING * * *
You miss something. Something hits you.
* * * LOW HITPOINT WARNING * * *
You hear some strange, mumbled words.
A puff of flame appears from out of thin air!
The puff of flame hits you. The fire burns you terribly!
* * * LOW HITPOINT WARNING * * *
Okay, then.
You miss something. Something hits you but does no damage. Something hits you.
* * * LOW HITPOINT WARNING * * *
You barely miss something. Something hits you but does no damage.
You hear some strange, mumbled words.
A puff of flame appears from out of thin air!
The puff of flame hits you! The fire burns you terribly!
* * * LOW HITPOINT WARNING * * *
You miss something. Something hits you but does no damage.
You closely miss something. Something hits you but does no damage.
You hear some strange, mumbled words.
Something tries to affect you, but you resist.
You closely miss something.
Something hits you but does no damage. x2
You miss something. Something hits you but does no damage.
You miss something. Something hits you.
* * * LOW HITPOINT WARNING * * *
You hear some strange, mumbled words.
A puff of flame appears from out of thin air!
The puff of flame hits you. The fire burns you terribly!
You die...
Your body crumbles into a pile of gold.

#.# ... #.# #.#
#.##########
#.#........#
####.#.######.#
...#.#.# ####.#####
##.....###......@.#####
..<.............{$....#
##....########.##.###.#
#.#.## #.##$# #.#.#
#.##$# ..#.# #.##..
####+# #.###. #.. .. ##
.#


There were no monsters in sight!

Vanquished Creatures
  An ogre (D:3)
  3 phantoms
  A scorpion (D:4)
  A howler monkey (D:4)
  An orc priest (D:6)
  A jelly (D:5)
  Jessica (D:2)
  2 orc wizards
  3 adders
  A white imp (D:5)
  3 worms
  2 dart slugs
  9 orcs
  7 ball pythons
  5 bats
  5 endoplasms
  A giant cockroach (D:3)
  8 goblins
  11 hobgoblins
  3 jackals (D:1)
  8 kobolds
  7 quokkas
  3 frilled lizards
  7 rats
94 creatures vanquished.

Vanquished Creatures (collateral kills)
  An endoplasm (D:3)
1 creature vanquished.

Vanquished Creatures (others)
  14 plants
14 creatures vanquished.

Grand Total: 109 creatures vanquished

Notes
Turn   | Place    | Note
-------+----------+-------------------------------------------
     0 | D:1      | concernfroge the Mummy Monk began the quest for the Orb.
     0 | D:1      | Reached XP level 1. HP: 18/18 MP: 1/1
   266 | D:1      | Reached XP level 2. HP: 13/24 MP: 2/2
   659 | D:1      | Reached skill level 4 in Fighting
  1076 | D:2      | Noticed Jessica
  1085 | D:2      | Killed Jessica
  1086 | D:2      | Gained mutation: You are in touch with the powers of death.
                  | [Mummy growth]
  1086 | D:2      | Reached XP level 3. HP: 22/31 MP: 3/3
  1297 | D:2      | Reached XP level 4. HP: 27/38 MP: 4/4
  1492 | D:2      | Reached skill level 5 in Fighting
  2034 | D:2      | Found a faded altar of an unknown god.
  2798 | D:3      | Identified the +2 pair of boots of the Equator {Drain rPois
                  | rN++}
  2806 | D:3      | You fall into a shaft and drop 1 floor!
  2893 | D:3      | Noticed an ogre
  2905 | D:3      | Killed an ogre
  2906 | D:3      | Reached skill level 6 in Fighting
  2906 | D:3      | Reached XP level 5. HP: 36/47 MP: 5/5
  3575 | D:5      | Entered Level 5 of the Dungeon
  3884 | D:4      | Noticed a phantom
  3894 | D:4      | Killed a phantom
  3895 | D:4      | Reached skill level 7 in Fighting
  3895 | D:4      | Reached XP level 6. HP: 55/55 MP: 6/6
  4393 | D:5      | Found a radiant altar of Vehumet.
  4533 | D:5      | Reached skill level 8 in Fighting
  4587 | D:5      | Reached XP level 7. HP: 59/62 MP: 7/7
  4610 | D:5      | Found a basalt altar of Yredelemnul.
  4735 | D:5      | Found a staircase to the Ecumenical Temple.
  5162 | Temple   | Entered the Ecumenical Temple
  5162 | Temple   | Found a transporter.
  5162 | Temple   | Found a transporter.
  5164 | Temple   | Found a transporter.
  5164 | Temple   | Found a transporter.
  5194 | Temple   | Became a worshipper of Gozag Ym Sagoz the Greedy
  5345 | D:6      | HP: 2/63 [something/puff of flame (7)]
  5350 | D:6      | HP: 3/63 [something (1)]
  5350 | D:6      | Killed from afar by an orc wizard

Illustrated notes

Levels and vault maps discovered:
D:1:      lemuel_arrival_cross, layout_basic
D:2:      layout_basic, hellmonk_ecumenical_altar_heavens_door, serial_forest,
          infiniplex_forest_fountain, infiniplex_forest_end_double,
          infiniplex_forest_fountain, infiniplex_forest_corner_1,
          infiniplex_forest_lined_corner, infiniplex_forest_lined_2,
          infiniplex_forest_corner_2, infiniplex_forest_lined_room_2,
          infiniplex_forest_clump_cross, minmay_misc_feat_room, uniq_jessica
D:3:      layout_basic, serial_glass, glass_columns_b, glass_columns_a,
          nrook_mini_vaults
D:4:      layout_gridville, minmay_circle_x
D:5:      layout_cave_pools, kennysheep_ying_yang, vehumet_altar_wand_db,
          temple_green, serial_bayou, serial_bayou_shore_b, serial_bayou_pond_c,
          serial_bayou_pond_a, serial_bayou_pond_e
D:6:      layout_loops_corners, uniq_grinder, uniq_sigmund,
          uniq_crazy_yiuf_cottage, uniq_menkaure, uniq_maggie
Temple:   hellmonk_temple_divided_pantheon

Skill      XL: |  1  2  3  4  5  6 |
---------------+-------------------+-----
Fighting       | 4 6 7 8 |  8.7
Polearms       | |  2.4
Dodging        | |  2.4
Stealth        | |  1.5

Action                   |  1- 3 |  4- 6 |  7- 9 || total
-------------------------+-------+-------+-------++-------
Melee: Spear             |   110 |   172 |       ||   282
       Punch             |     1 |     3 |       ||     4
       War axe           |       |    52 |       ||    52
       Great mace        |       |    29 |    53 ||    82
Throw: Dart              |       |       |     3 ||     3
  Use: Scroll            |       |     3 |       ||     3
 Stab: Sleeping          |     4 |     4 |       ||     8
Armor: Robe              |    19 |    60 |       ||    79
       Scale mail        |       |    25 |    44 ||    69
Dodge: Dodged            |    49 |   171 |    18 ||   238
